AoeStats
← Khirs

Black Forest

509162351Analyzed
4v4 RM · 6d ago on Sep 25, 2026· 53m 29s· 8 players
Game mode
Random Map
Map size
Large (8 player)
Population
200
Speed
Normal
Resources
Standard
Victory
Conquest
Starting age
Dark Age
Ending age
Imperial Age
RankedLock teamsTeams togetherTeam positionsShared explorationLock speedFull tech treeHidden civsTurbo modeCheats
Victory
Defeat
🇩🇪 Bohemians · Germany
807
+12
🇬🇧 Poles · United Kingdom
787
+13
🇪🇸 Teutons · Spain
760
+14
🇨🇴 Persians · Colombia
734
+15
🇨🇳 Aztecs · China
798
-18
🇭🇰 Turks · Hong Kong SAR China
689
-12
🇭🇰 Ethiopians · Hong Kong SAR China
685
-12
🇭🇰 Spanish · Hong Kong SAR China
684
-12
Germanico90
2:08 Loom
15:36 Feudal Age
16:52 Fishing Lines
22:55 Town Watch
22:58 Double-Bit Axe
22:56 Horse Collar
27:28 Forging
27:24 Scale Barding Armor
30:10 Castle Age
28:46 Wheelbarrow
30:07 Crossbowman
30:53 Thumb Ring
40:10 Hand Cart
40:43 Husbandry
44:17 Bloodlines
44:20 Padded Archer Armor
44:14 Fletching
47:20 Elite Skirmisher
55:05 Imperial Age
Khirs
0:47 Loom
14:45 Feudal Age
15:48 Double-Bit Axe
15:58 Horse Collar
21:22 Stone Mining
26:37 Castle Age
24:42 Gold Mining
25:17 Fletching
27:01 Padded Archer Armor
27:31 Heavy Plow
28:25 Bodkin Arrow
29:03 Fortified Wall
35:53 Imperial Age
33:59 Forging
33:15 Pikeman
34:36 Ballistics
35:20 Ironclad
35:37 Scale Mail Armor
36:35 Masonry
38:21 Chemistry
39:02 Conscription
39:21 Iron Casting
39:16 Halberdier
41:24 Chain Mail Armor
46:02 Bow Saw
48:33 Blast Furnace
49:18 Plate Mail Armor
51:50 Wheelbarrow
52:52 Crop Rotation
Smiff17
6:42 Loom
11:44 Feudal Age
12:41 Double-Bit Axe
14:30 Horse Collar
22:30 Castle Age
21:05 Forging
21:45 Fishing Lines
22:26 Scale Barding Armor
23:46 Bow Saw
24:35 Wheelbarrow
25:14 Heavy Plow
25:10 Gillnets
28:06 Hand Cart
27:39 Town Watch
28:11 Man-at-Arms
28:52 Squires
28:38 Arson
28:55 Scale Mail Armor
29:54 Caravan
30:50 Town Patrol
32:02 Iron Casting
31:43 Chain Mail Armor
30:53 Long Swordsman
31:49 Bloodlines
32:24 Szlachta Privileges
33:24 Chain Barding Armor
33:09 Husbandry
33:46 Light Cavalry
39:52 Imperial Age
38:36 Gold Mining
41:16 Conscription
41:19 Lechitic Legacy
40:20 Elite Obuch
42:05 Blast Furnace
40:29 Two-Handed Swordsman
41:06 Cavalier
42:48 Ballistics
43:28 Chemistry
42:09 Treadmill Crane
43:03 Plate Mail Armor
43:56 Crop Rotation
44:03 Champion
44:04 Pikeman
47:18 Onager
52:26 Winged Hussar
Och Nö
14:58 Feudal Age
16:55 Wheelbarrow
17:43 Double-Bit Axe
21:40 Castle Age
21:51 Fishing Lines
25:05 Bow Saw
27:10 Gillnets
28:46 Chemistry
31:11 Imperial Age
29:08 Ballistics
29:08 Masonry
31:03 Fervor
31:15 Sanctity
32:57 Conscription
33:34 Scale Mail Armor
33:45 Forging
33:26 Fletching
33:01 Houfnice
34:16 Caravan
34:24 Padded Archer Armor
34:49 Horse Collar
39:36 Pikeman
40:16 Squires
40:02 Arson
40:58 Iron Casting
40:39 Chain Mail Armor
41:23 Halberdier
43:26 Two-Man Saw
42:36 Heavy Plow
43:27 Siege Engineers
43:54 Architecture
43:36 Fortified Wall
44:47 Hand Cart
48:53 Plate Mail Armor
49:24 Blast Furnace
48:21 Bodkin Arrow
48:42 Leather Archer Armor
arbeecheung
2:30 Loom
12:03 Feudal Age
15:18 Double-Bit Axe
17:02 Gold Mining
18:14 Horse Collar
22:45 Castle Age
21:36 Stone Mining
24:48 Bow Saw
25:22 Heavy Plow
26:02 Stone Shaft Mining
31:15 Imperial Age
29:52 Ballistics
30:34 Wheelbarrow
31:51 Caravan
37:20 Chemistry
36:16 Fletching
38:20 Pikeman
39:00 Squires
44:06 Elite Conquistador
48:47 Two-Man Saw
48:09 Hand Cart
49:46 Halberdier
51:31 Forging
51:21 Scale Mail Armor
On2toy
1:14 Loom
14:47 Feudal Age
15:58 Double-Bit Axe
15:55 Horse Collar
16:35 Arson
19:22 Wheelbarrow
22:56 Castle Age
21:19 Stone Mining
21:22 Gold Mining
21:30 Fishing Lines
23:39 Gillnets
25:09 Hand Cart
25:46 Stone Shaft Mining
25:42 Bow Saw
27:30 Forging
27:21 Scale Mail Armor
29:33 Royal Heirs
30:46 Chain Mail Armor
31:07 Iron Casting
37:09 Imperial Age
39:11 Elite Shotel Warrior
40:42 Caravan
41:12 Coinage
42:24 Two-Man Saw
41:31 Heavy Plow
43:18 Heavy Scorpion
45:23 Banking
45:04 Guilds
46:34 Plate Mail Armor
47:06 Blast Furnace
48:08 Torsion Engines
48:40 Conscription
49:34 Ballistics
49:05 Heated Shot
49:21 Siege Engineers
49:30 Fortified Wall
51:52 Chemistry
51:06 Masonry
DEVILNATURE
1:20 Loom
14:51 Feudal Age
16:24 Wheelbarrow
15:46 Double-Bit Axe
15:44 Horse Collar
21:53 Stone Mining
24:20 Castle Age
22:57 Gold Mining
28:08 Gold Shaft Mining
27:57 Hand Cart
28:45 Husbandry
28:56 Bloodlines
29:21 Bow Saw
36:14 Imperial Age
34:21 Caravan
40:23 Two-Man Saw
41:57 Elite Janissary
52:29 Guilds
西百拉米
4:12 Loom
10:38 Feudal Age
11:46 Double-Bit Axe
12:53 Town Watch
14:18 Horse Collar
15:17 Wheelbarrow
15:18 Gold Mining
20:03 Castle Age
21:03 Heavy Plow
21:28 Bow Saw
21:27 Town Patrol
21:55 Stone Mining
25:26 Hand Cart
25:41 Forging
25:33 Scale Mail Armor
27:17 Eagle Warrior
27:57 Squires
29:49 Gold Shaft Mining
29:51 Stone Shaft Mining
31:19 Iron Casting
30:59 Chain Mail Armor
31:07 Caravan
31:14 Fletching
31:25 Padded Archer Armor
35:30 Imperial Age
32:50 Elite Skirmisher
33:43 Murder Holes
34:36 Atlatl
35:06 Ballistics
34:46 Bodkin Arrow
35:06 Leather Archer Armor
35:41 Leather Archer Armor
36:14 Chain Mail Armor
35:24 Pikeman
38:02 Chemistry
37:24 Bracer
39:06 Blast Furnace
37:55 Arson
38:38 Conscription
40:03 Crop Rotation
40:12 Garland Wars
40:22 Elite Eagle Warrior
42:14 Elite Jaguar Warrior
44:12 Plate Mail Armor
44:13 Siege Engineers
48:11 Capped Ram
48:13 Onager
48:42 Treadmill Crane
49:01 Guard Tower
53:12 Siege Ram
Connection lost

Rejoining the realm…

Still unreachable

The connection could not be restored.

Session expired

The server has moved on; the page needs a fresh start.